AoeStats
← nanakusa

Arena

509195567Analyzed
4v4 RM · 7d ago on Sep 25, 2026· 36m 3s· 8 players
Game mode
Random Map
Map size
Large (8 player)
Population
200
Speed
Normal
Resources
Standard
Victory
Conquest
Starting age
Dark Age
Ending age
Imperial Age
RankedLock teamsTeams togetherTeam positionsShared explorationLock speedFull tech treeHidden civsTurbo modeCheats
Victory
Defeat
🇮🇹 Danes · Italy
1736
+10
🇮🇹 Varangians · Italy
1701
+11
🇮🇹 Saxons · Italy
1612
+15
🇮🇹 Italians · Italy
1598
+16
🇧🇷 Varangians · Brazil
1658
-15
🇨🇳 Saxons · China
1594
-13
🇳🇴 Varangians · Norway
1584
-13
🇯🇵 Turks · Japan
1533
-11
nanakusa
11:19 Feudal Age
12:46 Wheelbarrow
15:27 Castle Age
13:20 Double-Bit Axe
13:38 Horse Collar
16:22 Bow Saw
16:30 Loom
26:39 Imperial Age
24:34 Gold Mining
25:13 Fletching
26:52 Hand Cart
27:13 Town Watch
28:09 Conscription
34:09 Artillery
Vardyn
10:28 Feudal Age
14:13 Castle Age
12:28 Double-Bit Axe
13:29 Horse Collar
15:14 Bow Saw
16:48 Heavy Plow
21:38 Wheelbarrow
24:06 Hand Cart
29:35 Imperial Age
27:56 Forging
27:58 Gold Mining
27:59 Stone Mining
28:20 Squires
30:17 Scale Mail Armor
30:52 Iron Casting
29:39 Capped Ram
29:58 Elite Varangian Guard
30:04 Elite Varangian Guard
31:36 Loom
LSKingdom9970
9:43 Feudal Age
11:15 Double-Bit Axe
13:36 Castle Age
11:56 Horse Collar
14:31 Bow Saw
14:32 Loom
18:53 Wheelbarrow
18:32 Town Watch
21:32 Hand Cart
23:38 Fletching
24:50 Bodkin Arrow
26:41 Ballistics
30:23 Heavy Plow
34:02 Imperial Age
32:04 Scale Barding Armor
32:09 Forging
33:01 Bloodlines
32:52 Husbandry
33:14 Chain Barding Armor
34:03 Cavalier
35:57 Plate Barding Armor
张横
10:27 Feudal Age
14:42 Castle Age
14:27 Double-Bit Axe
14:31 Loom
17:55 Wheelbarrow
19:32 Bow Saw
23:52 Horse Collar
25:09 Fletching
26:11 Heavy Plow
26:51 Town Watch
27:28 Bodkin Arrow
27:16 Crossbowman
33:07 Imperial Age
32:33 Thumb Ring
32:48 Hand Cart
32:41 Padded Archer Armor
33:03 Ballistics
33:37 Gold Mining
33:12 Arbalester
34:00 Bracer
35:16 Chemistry
MrDJM
10:02 Feudal Age
13:42 Castle Age
11:36 Horse Collar
12:32 Double-Bit Axe
15:09 Bow Saw
17:11 Wheelbarrow
18:25 Loom
20:58 Fletching
23:19 Bodkin Arrow
27:26 Imperial Age
25:46 Ballistics
26:28 Padded Archer Armor
27:43 Fortified Wall
29:10 Chemistry
28:11 Bracer
29:11 Masonry
29:06 Heavy Plow
29:44 Thumb Ring
36:15 Leather Archer Armor
Dott_Berlu
11:25 Feudal Age
14:57 Castle Age
12:43 Double-Bit Axe
12:39 Horse Collar
16:14 Bow Saw
16:05 Heavy Plow
17:44 Wheelbarrow
20:35 Hand Cart
21:55 Bloodlines
22:19 Scale Barding Armor
22:56 Loom
24:37 Husbandry
25:06 Chain Barding Armor
25:18 Gold Mining
27:23 Forging
31:17 Imperial Age
28:57 Town Watch
31:49 Iron Casting
31:06 Vendel Legacy
32:35 Conscription
32:59 Plate Barding Armor
32:19 Cavalier
35:25 Blast Furnace
35:08 Light Cavalry
Malelf
5:44 Loom
7:59 Feudal Age
8:28 Double-Bit Axe
20:18 Castle Age
18:17 Horse Collar
19:28 Gold Mining
21:24 Wheelbarrow
22:20 Bow Saw
25:45 Heavy Plow
31:01 Imperial Age
28:55 Scale Mail Armor
29:06 Forging
29:34 Hand Cart
30:07 Gold Shaft Mining
30:28 Chain Mail Armor
30:36 Town Watch
32:28 Plate Mail Armor
31:49 Fletching
32:34 Ballistics
32:21 Siege Engineers
33:22 Conscription
33:47 Iron Casting
34:24 Two-Man Saw
33:58 Crop Rotation
36:34 Bodkin Arrow
Cagata Sonante
11:33 Feudal Age
12:55 Double-Bit Axe
15:53 Castle Age
13:43 Horse Collar
16:26 Scale Mail Armor
16:50 Bow Saw
16:57 Heavy Plow
19:24 Wheelbarrow
22:06 Chain Mail Armor
23:00 Forging
23:49 Arson
29:42 Hand Cart
29:12 Loom
34:00 Imperial Age
33:26 Squires
32:47 Pikeman
34:06 Iron Casting
33:16 Hamask
34:03 Halberdier
35:18 Plate Mail Armor
35:45 Conscription
36:59 Blast Furnace
35:50 Onager
Connection lost

Rejoining the realm…

Still unreachable

The connection could not be restored.

Session expired

The server has moved on; the page needs a fresh start.